 Dungeon Crawl Stone Soup version 0.31-a0-1338-gb567cfdca4 (webtiles) character file.

Game seed: 12182017594132225056

881 Sonofthefire the Mimic (level 8, 0/48 HPs)
             Began as an Octopode Shapeshifter on Dec 21, 2023.
             Was a Follower of Qazlal.
             Slain by Maggie
             ... wielding the +9 lance "Wyrmbane" {slay drac, rPois rF+ rC+ AC+3}
              (18 damage)
             ... on level 6 of the Dungeon.
             The game lasted 00:07:24 (4745 turns).

Sonofthefire the Mimic (Octopode Shapeshifter)      Turns: 4745, Time: 00:07:24

Health: 0/48       AC:  1    Str: 15    XL:     8   Next: 5%
Magic:  8/8        EV: 22    Int: 12    God:    Qazlal [*.....]
Gold:   330        SH:  2    Dex: 12    Spells: 7/7 levels left

rFire   . .          .
                       - Unarmed
rCold   . . .        (shield currently unavailable)
rNeg    . . .        (helmet restricted)
rPois   .            (no amulet)
rElec   .            a - +5 ring of evasion
rCorr   .            w - ring of see invisible
SInv    +            (no ring)
Will    .....        (no ring)
Stlth   +            (no ring)
HPRegen 0.28/turn    (no ring)
MPRegen 0.11/turn    (no ring)
                     (no ring)

%: no passive effects
@: flux-form, mesmerised, glowing
A: glow, contaminating, almost no armour, amphibious, 8 rings, camouflage 1,
gelatinous body 1, (nimble swimmer 1), tentacles
a: Begin Untransformation, Renounce Religion


You were on level 6 of the Dungeon.
You worshipped Qazlal.
Qazlal was aware of your devotion.
You were something dangerously unstable.
You visited 1 branch of the dungeon, and saw 8 of its levels.

You collected 330 gold pieces.

Inventory:

Jewellery
 a - a +5 ring of evasion (left tentacle)
 v - a ring of fire
 w - a ring of see invisible (right tentacle)
Talismans
 b - a beast talisman
 c - a flux talisman (active)
Wands
 s - a wand of flame (26)
 y - a wand of roots (5)
Scrolls
 d - a scroll of noise {unknown}
 g - 2 scrolls of teleportation {unknown}
 h - a scroll of enchant armour {unknown}
 i - 7 scrolls of identify {unknown}
 k - a scroll of poison
 l - 2 scrolls of vulnerability {unknown}
 n - 3 scrolls of fear {unknown}
 o - a scroll of acquirement {unknown}
 p - 2 scrolls of immolation {unknown}
 u - 2 scrolls of amnesia {unknown}
 z - a scroll of enchant weapon {unknown}
 A - a scroll of summoning {unknown}
Potions
 e - a potion of degeneration {unknown}
 f - 2 potions of curing {unknown}
 j - 3 potions of might {unknown}
 m - a potion of ambrosia {unknown}
 q - a potion of magic {unknown}
 r - a potion of attraction {unknown}
 t - 2 potions of haste {unknown}
 x - a potion of berserk rage {unknown}


   Skills:
 - Level 1.0 Fighting
 + Level 2.1 Dodging
 - Level 3.0 Unarmed Combat
 * Level 8.7 Shapeshifting


You had 7 spell levels left.
You didn't know any spells.
Your spell library contained the following spells:

 Spells                   Type           Power      Damage    Failure   Level
 Freeze                   Ice            0%         1d3       32%         1
 Frozen Ramparts          Ice            0%         1d1       69%         3
 Gell's Gravitas          Tloc           0%         N/A       69%         3
 Hailstorm                Conj/Ice       0%         3d5       69%         3
 Teleport Other           Tloc           0%         N/A       69%         3
 Summon Ice Beast         Ice/Summ       0%         N/A       97%         4
 Dispersal                Tloc           0%         N/A       100%        6
 Simulacrum               Ice/Necr       0%         N/A       100%        6


Dungeon Overview and Level Annotations

Branches:
Dungeon (8/15)             Temple (0/1) D:4
   Lair: D:8-11

Altars:
Ashenzari
Nemelex Xobeh
Qazlal
Trog
Uskayaw
Vehumet
Wu Jian
Yredelemnul

Portals:
Abyss: D:5

Annotations:
D:4 3 runed translucent doors, Momosog's ghost, amateur TrMo; kaesle's ghost, amateur HOFi
D:5 parrotman's ghost, amateur HOFi
D:6 Maggie


Innate Abilities, Weirdness & Mutations

You are something dangerously unstable.
You glow with magical radiation, making you easy to see and hit.
Foes you strike become dangerously contaminated with magical radiation.
You are incapable of wielding weapons or throwing items.
You cannot wear most types of armour.
You are amphibious.
You can wear up to eight rings at the same time.
Your skin changes colour to match your surroundings (Stealth+).
Your rubbery body absorbs attacks. (AC +1, EV +1)
((You are camouflaged when in or above water. (Stealth+)))
You have tentacles for arms and can constrict up to eight enemies at once.


Message History

Maggie attempts to bespell you!
You are mesmerised by Maggie!
Maggie is nearby!
You cannot move away from Maggie!
You cannot move away from Maggie!
You cannot move away from Maggie!
Maggie zaps a wand.
You suddenly lose the ability to move!
Maggie casts a spell.
Maggie draws you further into her thrall.
You can move again.
Maggie casts a spell at you. The bolt of fire misses you.
Found a stone staircase leading up.
Maggie zaps a wand.
You shrug off the repeated paralysis!
Maggie points at you and mumbles some strange words.
The bolt of fire misses you.
You see here a scroll labelled GINYSI HUTODU.
You closely miss Maggie. You grab Maggie. You squeeze Maggie.
Maggie is lightly wounded.
You constrict Maggie.
Maggie hits you with the +9 lance "Wyrmbane" {slay drac, rPois rF+ rC+ AC+3}!
You tentacle-slap Maggie but do no damage.
Maggie begins to glow.
Maggie is lightly wounded.
You constrict Maggie, but do no damage.
Maggie hits you with the +9 lance "Wyrmbane" {slay drac, rPois rF+ rC+ AC+3}!
You tentacle-slap Maggie but do no damage.
Maggie glows dangerously bright.
Maggie is lightly wounded.
You constrict Maggie, but do no damage. You block Maggie's attack.
You tentacle-slap Maggie but do no damage.
Maggie shudders as magic cascades through her!
Maggie twists and deforms.
You squeeze Maggie.
Maggie is moderately wounded.
You constrict Maggie. Maggie closely misses you.
You tentacle-slap Maggie.
Maggie begins to glow.
Maggie is heavily wounded.
You constrict Maggie.
Maggie hits you with the +9 lance "Wyrmbane" {slay drac, rPois rF+ rC+ AC+3}!!
You die...

.##...####
#####..##
#..####
#######..## #.##
##...####..##
#.#
##.....####..#
##.
#...##..###..# .
#..#...##......#
.. ....
###..##..#### ..
### ##.○#### ..#
#..p# ##.@#
..... #....##.
##..## ## ##. #<
#.


You could see Maggie (mesmerising, contam, misshapen).

Vanquished Creatures
  A steam dragon (D:7)
  A water moccasin (D:5)
  An ogre (D:5)
  Blork the orc (D:5)
  A scorpion (D:5)
  A jelly (D:5)
  3 hounds
  A sleepcap (D:5)
  2 iguanas (D:5)
  An orc wizard (D:5)
  11 adders
  2 shadow imps (D:5)
  2 ufetubi (D:5)
  2 dart slugs
  17 orcs
  4 ball pythons
  5 endoplasms
  4 giant cockroaches
  6 goblins
  3 hobgoblins
  3 jackals (D:3)
  3 kobolds
  4 quokkas
  3 bats
  A goblin zombie (D:5)
  7 rats
  A rat zombie (D:5)
91 creatures vanquished.

Notes
Turn   | Place    | Note
-------+----------+-------------------------------------------
     0 | D:1      | Sonofthefire the Octopode Shapeshifter began the quest for
                  | the Orb.
     0 | D:1      | Reached XP level 1. HP: 13/13 MP: 1/1
    93 | D:1      | Reached XP level 2. HP: 18/18 MP: 2/2
   788 | D:2      | Reached XP level 3. HP: 21/23 MP: 3/3
   799 | D:2      | Reached skill level 4 in Shapeshifting
  1019 | D:2      | Found a stormy altar of Qazlal.
  1041 | D:2      | Became a worshipper of Qazlal Stormbringer
  1134 | D:2      | Reached XP level 4. HP: 28/28 MP: 4/4
  1436 | D:3      | Reached skill level 5 in Shapeshifting
  1883 | D:3      | Found a radiant altar of Vehumet.
  2070 | D:4      | Reached XP level 5. HP: 33/33 MP: 5/5
  2211 | D:4      | Reached * piety under Qazlal
  2479 | D:4      | Reached skill level 6 in Shapeshifting
  2518 | D:4      | Found a staircase to the Ecumenical Temple.
  2632 | D:4      | Found a runed translucent gate.
  2632 | D:4      | Found a runed translucent gate.
  2632 | D:4      | Found a runed translucent gate.
  2633 | D:4      | Noticed kaesle's ghost (amateur HOFi)
  2634 | D:4      | Noticed Momosog's ghost (amateur TrMo)
  3024 | D:5      | Entered Level 5 of the Dungeon
  3026 | D:5      | Reached XP level 6. HP: 38/38 MP: 6/6
  3120 | D:5      | You fall into a shaft and drop 2 floors!
  3180 | D:7      | Noticed an acid dragon
  3289 | D:8      | Noticed a steam dragon
  3294 | D:7      | Found a broken altar of Ashenzari.
  3431 | D:7      | Noticed a steam dragon
  3438 | D:7      | Killed a steam dragon
  3698 | D:5      | Found an ornate altar of the Wu Jian Council.
  3744 | D:5      | Found a sparkling altar of Nemelex Xobeh.
  3745 | D:5      | Found a bloodstained altar of Trog.
  3746 | D:5      | Found a basalt altar of Yredelemnul.
  3747 | D:5      | Found a stormy altar of Qazlal.
  3747 | D:5      | Found a hide-covered altar of Uskayaw.
  3747 | D:5      | Noticed Blork the orc
  3756 | D:5      | Reached skill level 7 in Shapeshifting
  3756 | D:5      | Reached XP level 7. HP: 36/43 MP: 7/7
  3759 | D:5      | Killed Blork the orc
  3941 | D:5      | Reached skill level 8 in Shapeshifting
  4035 | D:5      | Noticed parrotman's ghost (amateur HOFi)
  4038 | D:5      | Found a transporter.
  4141 | D:5      | Found a transporter.
  4190 | D:5      | Found a one-way gate to the infinite horrors of the Abyss.
  4338 | D:5      | Reached XP level 8. HP: 35/48 MP: 8/8
  4733 | D:6      | Noticed Maggie
  4734 | D:6      | Paralysed by Maggie for 4 turns
  4745 | D:6      | Slain by Maggie

Illustrated notes

Levels and vault maps discovered:
D:1:      eino_arrival_tree_alley, layout_basic
D:2:      layout_rooms, basic_altar
D:3:      layout_rooms, nicolae_overflow_hidden_temple
D:4:      layout_basic, minmay_temple_entry_antechambers,
          gammafunk_ghost_cemetery
D:5:      layout_loops_cross, grunt_temple_overflow_open,
          nzn_wu_jian_contemplation, gammafunk_ghost_abyssal_escape,
          enter_ossuary_4, minmay_gold_behind_fungi,
          nicolae_concentric_dashed_squares_wild, uniq_blork_the_orc
D:6:      layout_layer_cave, zin_purify, uniq_maggie
D:7:      layout_loops_corners, ashenzari_conservatory_becter, serial_shops,
          nicolae_shop_tiny_real_fake_doors, nicolae_shop_statue_plus,
          nicolae_shop_drivethru, kennysheep_generic_room_14
D:8:      layout_basic

Skill      XL: |  1  2  3  4  5  6  7 |
---------------+----------------------+-----
Shapeshifting  | 4 5 6 7 8 |  8.7
Fighting       | |  1.0
Dodging        | |  2.1
Unarmed Combat | |  3.0

Action                     |  1- 3 |  4- 6 |  7- 9 || total
---------------------------+-------+-------+-------++-------
  Melee: Unarmed           |    50 |    96 |    48 ||   194
         Constrict         |    13 |    29 |    14 ||    56
         Tentacles         |    11 |    19 |    14 ||    44
         Punch             |     1 |     3 |     1 ||     5
    Use: Scroll            |       |     1 |       ||     1
         Potion            |       |     1 |       ||     1
   Stab: Sleeping          |     3 |     1 |       ||     4
 Armour: Skin              |    14 |    45 |    10 ||    69
  Dodge: Dodged            |    25 |    54 |    34 ||   113
  Block: Other             |       |     1 |     4 ||     5
   Form: Flux              |       |       |     1 ||     1

Table legend: (Time is in decaauts)
 A = Elapsed time spent in this place.
 B = Non-inter-level travel time spent in this place.
 C = Inter-level travel time spent in this place.
 D = Time resting spent in this place.
 E = Time spent auto-exploring this place.
 F = Levels seen in this place.
 G = Mean time per level.
                   A        B        C        D        E       F      G
               +--------+--------+--------+--------+--------+-----+--------+
         Total |   4733 |   4530 |    203 |    969 |   2686 |   8 |  591.6 |
       Dungeon |   4733 |   4530 |    203 |    969 |   2686 |   8 |  591.6 |
               +--------+--------+--------+--------+--------+-----+--------+

Top non-repeatable levels by time:
     D:4: 1044 daAuts
     D:5: 973 daAuts
     D:1: 782 daAuts
     D:3: 675 daAuts
     D:2: 515 daAuts
     D:6: 352 daAuts
     D:7: 279 daAuts
     D:8: 110 daAuts
